Unix xNetHack Version 7.1.0 - last build Jul 19 2022 04:02:08 (a8c4666137c2c631a57c77f6261166d76d9e3895). Game began 2022-07-28 20:33:06, ended 2022-07-28 20:44:29. nmlkj, chaotic male human Wizard ---- --------- |<..--- ------.......-- |....)---..........--..| --..|.%).[....--.---|..| --.|-%..).- ---- --- ..... |.... .--. --..| .@.| |..|...@. -......--- .....)..| --....-- G G Nmlkj the Conjurer St:8 Dx:12 Co:15 In:15 Wi:11 Ch:10 Chaotic S:1530 Dlvl:6 $:68 HP:0(34) Pw:18(40) AC:7 Xp:5/303 T:1339 Satiated Latest messages: In what direction? b The spell hits the dwarf! The dwarf resists! You kill the dwarf! You are almost hit by a dagger. In what direction? l The spell hits the dwarf! You kill the dwarf! In what direction? j The spell hits the gnome! You kill the gnome! You swap places with your kitten. w - a silver pick-axe {112}. What do you want to use or apply? You now wield a silver pick-axe {112}. In what direction do you want to dig? [yk>] k You start digging. You hit the rock with all your might. You hear a door open. You make an opening in the wall. You see here 3 daggers. You start digging. You hit the rock with all your might. "Hey, stop damaging that wall!" You stop digging. You continue digging. You hit the rock with all your might. "Halt, vandal! You're under arrest!" You hear the shrill sound of guards' whistles. You stop digging. It is hit. You hear some noises. The kitten bites it. Your kitten grows up into a housecat. The watchman wields a knife! The watchman punches you! The watchman thrusts her knife. The watchman jabs you! In what direction? j The spell hits the watchman! The spell hits it. The spell hits it. In what direction? j The magic missile hits the watchman! You kill it! You hear the rumble of distant thunder... The watchman punches you! You hear a door open. The watchman hits! You die... Major events: Turn 1: nmlkj the chaotic male human Wizard entered the dungeon 546: entered the Gnomish Mines 582: attained the rank of Conjurer (level 3) 671: destroyed nmlkj's ghost, the former Evoker 1339: killed by a watchman Inventory: Inventory: 533/625 weight (23/52 slots) Coins $ - 68 gold pieces {1} Weapons n - a +0 orcish dagger {10} a - a blessed +1 quarterstaff {40} Armor m - a blessed +1 orcish helm (being worn) {23} b - an uncursed +0 cloak of magic resistance (being worn) {8} Comestibles o - an uncursed slime mold {5} h - an uncursed lichen corpse {20} Scrolls i - a cursed scroll of amnesia {5} u - an uncursed scroll of create monster {5} l - an uncursed scroll of enchant armor {5} Spellbooks f - an uncursed spellbook of detect unseen {40} c - a blessed spellbook of force bolt {35} t - a cursed spellbook of force bolt {35} e - an uncursed spellbook of knock {35} d - a blessed spellbook of magic missile {40} s - a cursed spellbook of magic missile {40} r - a cursed spellbook of wizard lock {40} Rings v - an uncursed ring of levitation {3} q - a cursed ring of sustain ability {3} Wands k - a cursed wand of secret door detection (0:13) {7} p - a wand of teleportation (0:8) {7} Tools g - an uncursed blindfold {2} j - an uncursed leash {12} w - a +0 silver pick-axe (weapon in hand) {112} Nmlkj the Wizard's attributes: Background: You were a Conjurer, a level 5 male human Wizard. You were chaotic, nominally on a mission for Anhur who was opposed by Ptah (lawful) and Thoth (neutral). You were heterosexual. You were in the Gnomish Mines, on level 6. You entered the dungeon 1339 turns ago. There was a new moon in effect when your adventure ended. You had 303 experience points, 17 more were needed to attain level 6. Your score was 1530 before end-of-game adjustments. Basics: You had 0 out of 34 hit points. You had 18 out of 40 energy points (spell power). Your armor class was 7. Your wallet contained 68 zorkmids. Autopickup was on for '$"?+!=/' plus thrown. Final Characteristics: Your strength was 8 (peak:11, limit:18/100). Your dexterity was 12 (peak:13, limit:18). Your constitution was 15 (limit:18). Your intelligence was 15 (limit:18). Your wisdom was 11 (limit:18). Your charisma was 10 (limit:18). Final Status: You were satiated. You were unencumbered. You were wielding a pick-axe. You had no skill with pick-axe. Final Attributes: You were haltingly aligned. You were magic-protected. You were telepathic. You were warded. You were unlucky. You are dead. Miscellaneous: You encountered 1 bones level. Total elapsed playing time was 11 minutes and 23 seconds. Vanquished creatures: a housecat a ghost 3 gnome leaders a floating eye a kitten 6 dwarves 2 hobbits 4 manes 21 gnomes 5 garter snakes 6 jackals 2 goblins 4 grid bugs 5 lichens a kobold zombie 2 newts 65 creatures vanquished. No species were genocided or became extinct. Voluntary challenges: You were an atheist. You were illiterate. You never genocided any monsters. You never polymorphed an object. You never changed form. You never touched an artifact. You used no wishes. You never scared an enemy with impunity. You were celibate. You never generated conflict. Achievements: You entered the Gnomish Mines. You attained the rank of Conjurer. The Dungeons of Doom: levels 1 to 2 Level 1: A grave. Level 2: An altar to Anhur, a fountain. Stairs down to The Gnomish Mines. The Gnomish Mines: levels 3 to 6 Level 3: A grave. Final resting place for nmlkj-Wiz-Hum-Mal-Cha, killed by a dwarf. Level 4: Level 5: Level 6: <- You were here. Final resting place for you, killed by a watchman. Game over: __________ / \ / REST \ / IN \ / PEACE \ / \ | nmlkj | | 68 Au | | killed by a | | watchman | | | | | | 2022 | *| * * * | * _________)/\\_//(\/(/\)/\//\/|_)_______ Goodbye nmlkj the Wizard... You died in The Gnomish Mines on dungeon level 6 with 1524 points, and 68 pieces of gold, after 1339 moves. You were level 5 with a maximum of 34 hit points when you died.